NASHVILLE vs EDMONTON

Created - February-21-21 at 18:07

Goals
1 2 3 T
NASHVILLE 2 2 0 4
EDMONTON 0 0 0 0
Shots
1 2 3 T
NASHVILLE 6 11 4 21
EDMONTON 9 8 4 21

1st period

1. NASHVILLE , Nolan Patrick 4 (Bobby Ryan 4) at 1:25
2. NASHVILLE , Devin Shore 2 (Connor Carrick 4) at 14:31

Penalties :
Jimmy Vesey (NSH) for Hooking (Minor) at 3:57, Bryan Rust (EDM) for Tripping (Minor) at 18:59

2nd period

3. NASHVILLE , Nolan Patrick 5 (Andrew Peeke 8, Alex Chiasson 1) at 9:00
4. NASHVILLE , Brian Dumoulin 4 (Jason Dickinson 6, Jimmy Vesey 8) at 10:12 (PP)

Penalties :
Kyle Palmieri (EDM) for Tripping (Minor) at 6:30, Justin Holl (EDM) for Roughing (Minor) at 9:45

3rd period

No Goal

Penalties :
Bryan Rust (EDM) for Slashing (Minor) at 1:11

Goalie Stats

Joonas Korpisalo (NSH), 21 saves from 21 shots - (1.000), W, 7-4-1, 60:00 minutes
Darcy Kuemper (EDM), 17 saves from 21 shots - (0.810), L, 15-7-2, 60:00 minutes

Players Stats for NASHVILLE

Player Name              G  A  P  +/- PIM S  H  SB GA TA FO     MP     PP MP  PK MP  
------------------------------------------------------------------------------------
Adam Larsson             0  0  0   0  0   0  3  1  0  0  0/0    21:19   3:57   1:06 
Alex Chiasson            0  1  1   2  0   0  2  0  0  0  0/0    13:55   0:00   0:00 
Andrew Peeke             0  1  1   3  0   0  2  0  0  0  0/0    14:54   0:00   0:00 
Bobby Ryan               0  1  1   2  0   1  1  0  0  0  0/1    13:55   0:00   0:00 
Brian Dumoulin           1  0  1   0  0   1  0  2  0  0  0/0    18:32   2:27   0:53 
Connor Carrick           0  1  1   3  0   0  0  0  0  0  0/0    14:54   0:00   0:00 
Devin Shore              1  0  1   1  0   2  0  0  0  0  3/12    8:37   0:00   0:00 
J.T. Compher             0  0  0   0  0   1  0  0  0  0  3/17   17:48   3:00   0:42 
Jared McCann             0  0  0   0  0   4  3  0  0  0  0/2    19:40   3:24   1:17 
Jason Dickinson          0  1  1   0  0   0  2  0  0  0  0/1    17:06   3:00   0:00 
Jeremy Lauzon            0  0  0   0  0   1  0  0  0  0  0/0     5:15   0:00   0:00 
Jimmy Vesey              0  1  1   0  2   1  3  0  0  0  0/0    17:05   3:00   0:00 
Josh Leivo               0  0  0   1  0   0  1  0  0  0  0/0     8:37   0:00   0:00 
Morgan Rielly            0  0  0   0  0   3  0  0  0  0  0/0    25:58   3:57   1:06 
Nicolas Hague            0  0  0   0  0   0  1  0  0  0  0/0    19:08   2:27   0:53 
Nolan Patrick            2  0  2   2  0   2  1  0  0  0  4/9    13:55   0:00   0:00 
Paul Byron               0  0  0   0  0   2  0  0  0  0  2/5    19:05   3:24   0:42 
Sean Monahan             0  0  0   0  0   3  1  1  0  0  10/23  19:40   3:24   1:17 
Tage Thompson            0  0  0   1  0   0  1  0  0  0  1/1     8:37   0:00   0:00 

Players Stats for EDMONTON

Player Name              G  A  P  +/- PIM S  H  SB GA TA FO     MP     PP MP  PK MP  
------------------------------------------------------------------------------------
Anze Kopitar             0  0  0  -1  0   5  1  1  0  0  16/23  20:56   1:04   5:08 
Barclay Goodrow          0  0  0  -2  0   0  4  0  0  0  1/2    15:02   0:00   1:20 
Bryan Rust               0  0  0   0  4   3  0  0  0  0  2/2    16:06   0:55   0:00 
Colin Miller             0  0  0  -1  0   0  0  1  0  0  0/0    20:27   1:04   4:02 
Colton Sissons           0  0  0  -2  0   3  0  0  0  0  10/17  13:36   0:00   0:00 
Darren Helm              0  0  0   0  0   0  1  0  0  0  0/1     8:21   0:00   0:11 
David Perron             0  0  0  -1  0   0  0  0  0  0  0/0    17:57   0:55   2:24 
Derek Forbort            0  0  0  -1  0   0  0  0  0  0  0/0    15:21   0:00   0:00 
Jakub Voracek            0  0  0   0  0   1  0  0  0  0  1/1    19:16   1:04   2:59 
Jason Demers             0  0  0  -1  0   0  0  2  0  0  0/0    21:02   1:04   2:14 
Josh Archibald           0  0  0   0  0   0  0  0  0  0  0/0     8:10   0:00   0:00 
Justin Holl              0  0  0  -1  2   0  3  3  0  0  0/0    19:28   0:00   1:03 
Kyle Palmieri            0  0  0  -1  2   1  2  0  0  0  2/2    16:27   1:04   0:46 
Mathieu Perreault        0  0  0   0  0   4  0  0  0  0  5/7     8:10   0:00   0:00 
Matt Roy                 0  0  0  -1  0   1  1  0  0  0  0/0    20:27   0:55   1:48 
Michael Raffl            0  0  0  -2  0   0  0  0  0  0  0/0    13:36   0:00   0:00 
Travis Hamonic           0  0  0  -1  0   0  1  0  0  0  0/0    23:02   0:55   3:41 
Tyler Johnson            0  0  0   0  0   3  1  0  0  0  11/16  16:08   0:55   0:00 

3 Stars

1 - Nolan Patrick (NSH)
2 - Joonas Korpisalo (NSH)
3 - Andrew Peeke (NSH)

Power Play

NASHVILLE - 1 on 4 Attempt(s) - 25.00%
EDMONTON - 0 on 1 Attempt(s) - 0.00%

Penalty Kill

NASHVILLE - 1 on 1 Attempt(s) - 100.00% - Score 0 goal in Penalty Kill
EDMONTON - 3 on 4 Attempt(s) - 75.00% - Score 0 goal in Penalty Kill

Team Stat

NASHVILLE - Hits : 21 - Faceoff Wins : 23 - Blocked Shots : 4 - Penalty Minutes : 2
EDMONTON - Hits : 14 - Faceoff Wins : 48 - Blocked Shots : 7 - Penalty Minutes : 8

Official

Referees : Brett Roeland and Tim Mayer
Linesman : Luke Murray and Travis Toomey

Game Notes

No Game Note

Finance

Level 1 -- Attendance: 4088 (68.13%) -- Ticket Income $408,800
Level 2 -- Attendance: 4106 (82.12%) -- Ticket Income $246,360
Level 3 -- Attendance: 1927 (96.35%) -- Ticket Income $67,445
Level 4 -- Attendance: 3543 (88.58%) -- Ticket Income $70,860
Luxury Box -- Attendance: 742 (74.20%) -- Ticket Income $148,400
Game was played at the Rogers Place.
Total Attendance: 14406 (80.03%)
Total Ticket Income: $941,865
Total Income: $941,865

NASHVILLE

5 vs 5 Forward 
   Center                   Left Wing                Right Wing               Time % Phy DF OF 
 1 Sean Monahan             Paul Byron               Jared McCann             35     1   2  2  
 2 J.T. Compher             Jason Dickinson          Jimmy Vesey              30     1   2  2  
 3 Nolan Patrick            Alex Chiasson            Bobby Ryan               25     1   2  2  
 4 Devin Shore              Josh Leivo               Tage Thompson            10     1   2  2  

5 vs 5 Defense 
   Defense                  Defense                                           Time % Phy DF OF 
 1 Morgan Rielly            Adam Larsson                                      35     1   2  2  
 2 Brian Dumoulin           Nicolas Hague                                     30     1   2  2  
 3 Andrew Peeke             Connor Carrick                                    25     1   2  2  
 4 Jeremy Lauzon            Morgan Rielly                                     10     1   2  2  

PowerPlay Forward 
   Center                   Left Wing                Right Wing               Time % Phy DF OF 
 1 Sean Monahan             Paul Byron               Jared McCann             60     1   2  2  
 2 J.T. Compher             Jason Dickinson          Jimmy Vesey              40     1   2  2  

PowerPlay Defense
   Defense                  Defense                                           Time % Phy DF OF 
 1 Morgan Rielly            Adam Larsson                                      60     1   2  2  
 2 Brian Dumoulin           Nicolas Hague                                     40     1   2  2  

Penalty Kill 4 Players Forward 
   Center                   Wing                     Time % Phy DF OF 
 1 Sean Monahan             Jared McCann             60     1   2  2  
 2 Paul Byron               J.T. Compher             40     1   2  2  

Penalty Kill 4 Players Defense
   Defense                  Defense                  Time % Phy DF OF 
 1 Morgan Rielly            Adam Larsson             60     1   2  2  
 2 Brian Dumoulin           Nicolas Hague            40     1   2  2  

Penalty Kill - 3 Players Forward 
   Forward                                           Time % Phy DF OF 
 1 Sean Monahan                                      60     1   2  2  
 2 Jared McCann                                      40     1   2  2  

Penalty Kill - 3 Players Defense
   Defense                  Defense                  Time % Phy DF OF 
 1 Morgan Rielly            Adam Larsson             60     1   2  2  
 2 Brian Dumoulin           Nicolas Hague            40     1   2  2  

4 vs 4 Forward 
   Center                   Wing                     Time % Phy DF OF 
 1 Sean Monahan             Jared McCann             60     1   2  2  
 2 Paul Byron               J.T. Compher             40     1   2  2  

4 vs 4 Defense
   Defense                  Defense                  Time % Phy DF OF 
 1 Morgan Rielly            Adam Larsson             60     1   2  2  
 2 Brian Dumoulin           Nicolas Hague            40     1   2  2  

Last Minutes Offensive
   Center                   Left Wing                Right Wing               Defense                  Defense                  
   Sean Monahan             Paul Byron               Jared McCann             Morgan Rielly            Adam Larsson             

Last Minutes Defensive
   Center                   Left Wing                Right Wing               Defense                  Defense                  
   Sean Monahan             Paul Byron               Jared McCann             Morgan Rielly            Adam Larsson             

Goaltenders
Starting : Joonas Korpisalo         
Backup : Devan Dubnyk             

Extra Forwards
Normal : Bobby Ryan, Alex Chiasson, Nolan Patrick - PP : Bobby Ryan, Alex Chiasson - PK : Nolan Patrick
Extra Defensemen
Normal : Andrew Peeke, Connor Carrick, Jeremy Lauzon - PP : Andrew Peeke - PK : Connor Carrick, Jeremy Lauzon
Penalty Shots
Sean Monahan, Jared McCann, Paul Byron, J.T. Compher, Jason Dickinson

Scratches
Alexander Barabanov (Healthy), Alex Petrovic (Healthy), Henrik Lundqvist (Healthy), NSH Cap Hit (Suspend)

EDMONTON

5 vs 5 Forward 
   Center                   Left Wing                Right Wing               Time % Phy DF OF 
 1 Anze Kopitar             David Perron             Kyle Palmieri            35     1   2  2  
 2 Tyler Johnson            Bryan Rust               Jakub Voracek            30     1   2  2  
 3 Colton Sissons           Michael Raffl            Barclay Goodrow          23     1   2  2  
 4 Mathieu Perreault        Darren Helm              Josh Archibald           12     1   2  2  

5 vs 5 Defense 
   Defense                  Defense                                           Time % Phy DF OF 
 1 Travis Hamonic           Justin Holl                                       33     1   2  2  
 2 Matt Roy                 Jason Demers                                      32     1   2  2  
 3 Colin Miller             Derek Forbort                                     25     1   2  2  
 4 Travis Hamonic           Justin Holl                                       10     1   2  2  

PowerPlay Forward 
   Center                   Left Wing                Right Wing               Time % Phy DF OF 
 1 Anze Kopitar             Jakub Voracek            Kyle Palmieri            60     1   2  2  
 2 Tyler Johnson            David Perron             Bryan Rust               40     1   2  2  

PowerPlay Defense
   Defense                  Defense                                           Time % Phy DF OF 
 1 Travis Hamonic           Matt Roy                                          60     1   2  2  
 2 Jason Demers             Colin Miller                                      40     1   2  2  

Penalty Kill 4 Players Forward 
   Center                   Wing                     Time % Phy DF OF 
 1 Anze Kopitar             Jakub Voracek            60     1   2  2  
 2 Kyle Palmieri            David Perron             40     1   2  2  

Penalty Kill 4 Players Defense
   Defense                  Defense                  Time % Phy DF OF 
 1 Travis Hamonic           Matt Roy                 60     1   2  2  
 2 Colin Miller             Jason Demers             40     1   2  2  

Penalty Kill - 3 Players Forward 
   Forward                                           Time % Phy DF OF 
 1 Anze Kopitar                                      60     1   2  2  
 2 Jakub Voracek                                     40     1   2  2  

Penalty Kill - 3 Players Defense
   Defense                  Defense                  Time % Phy DF OF 
 1 Travis Hamonic           Justin Holl              60     1   2  2  
 2 Matt Roy                 Jason Demers             40     1   2  2  

4 vs 4 Forward 
   Center                   Wing                     Time % Phy DF OF 
 1 Anze Kopitar             Jakub Voracek            60     1   2  2  
 2 Kyle Palmieri            David Perron             40     1   2  2  

4 vs 4 Defense
   Defense                  Defense                  Time % Phy DF OF 
 1 Travis Hamonic           Matt Roy                 60     1   2  2  
 2 Colin Miller             Jason Demers             40     1   2  2  

Last Minutes Offensive
   Center                   Left Wing                Right Wing               Defense                  Defense                  
   Anze Kopitar             Jakub Voracek            Kyle Palmieri            Travis Hamonic           Justin Holl              

Last Minutes Defensive
   Center                   Left Wing                Right Wing               Defense                  Defense                  
   Anze Kopitar             Jakub Voracek            Kyle Palmieri            Travis Hamonic           Justin Holl              

Goaltenders
Starting : Darcy Kuemper            
Backup : Aaron Dell               

Extra Forwards
Normal : Barclay Goodrow, Colton Sissons, Josh Archibald - PP : Barclay Goodrow, Colton Sissons - PK : Barclay Goodrow
Extra Defensemen
Normal : Derek Forbort, Colin Miller, Justin Holl - PP : Justin Holl - PK : Justin Holl, Colin Miller
Penalty Shots
Anze Kopitar, Jakub Voracek, Kyle Palmieri, David Perron, Tyler Johnson

Scratches
EDM Cap Hit (Suspend)

% Time on Ice - NASHVILLE

Lines # - Real PCT - Wanted PCT - Time Play
Normal Forward
1 - 29% - 35% - 14:59
2 - 27% - 30% - 14:06
3 - 27% - 25% - 13:55
4 - 17% - 10% - 8:37
Normal Defense
1 - 32% - 35% - 16:16
2 - 29% - 30% - 15:12
3 - 29% - 25% - 14:54
4 - 10% - 10% - 5:15
PP Forward
1 - 53% - 60% - 3:24
2 - 47% - 40% - 3:00
PP Defense
1 - 62% - 60% - 3:57
2 - 38% - 40% - 2:27
PK Forward
1 - 65% - 60% - 1:17
2 - 35% - 40% - 0:42
PK Defense
1 - 55% - 60% - 1:06
2 - 45% - 40% - 0:53
PK3 Forward
1 - 0% - 60%
2 - 0% - 40%
PK3 Defense
1 - 0% - 60%
2 - 0% - 40%
44 Forward
1 - 0% - 60%
2 - 0% - 40%
44 Defense
1 - 0% - 60%
2 - 0% - 40%
Last Minute Offensive  - 0:00
Last Minute Defensive  - 0:00
Total
Forward - 60:00
Defense - 60:00

% Time on Ice - EDMONTON

Lines # - Real PCT - Wanted PCT - Time Play
Normal Forward
1 - 28% - 35% - 14:38
2 - 29% - 30% - 15:13
3 - 26% - 23% - 13:36
4 - 16% - 12% - 8:10
Normal Defense
1 - 31% - 33% - 16:01
2 - 34% - 32% - 17:44
3 - 30% - 25% - 15:27
4 - 5% - 10% - 2:25
PP Forward
1 - 54% - 60% - 1:04
2 - 46% - 40% - 0:55
PP Defense
1 - 46% - 60% - 0:55
2 - 54% - 40% - 1:04
PK Forward
1 - 63% - 60% - 4:00
2 - 38% - 40% - 2:24
PK Defense
1 - 58% - 60% - 3:42
2 - 42% - 40% - 2:42
PK3 Forward
1 - 0% - 60%
2 - 0% - 40%
PK3 Defense
1 - 0% - 60%
2 - 0% - 40%
44 Forward
1 - 0% - 60%
2 - 0% - 40%
44 Defense
1 - 0% - 60%
2 - 0% - 40%
Last Minute Offensive  - 0:00
Last Minute Defensive  - 0:00
Total
Forward - 60:00
Defense - 60:00

Play-by-Play

1st period


0:01 of 1st period - Sean Monahan wins face-off versus Anze Kopitar in neutral zone.
0:32 of 1st period - Shot by Paul Byron.
0:32 of 1st period - Shot Blocked by Justin Holl.
1:17 of 1st period - Shot by Tyler Johnson.
1:17 of 1st period - Stopped by Joonas Korpisalo without a rebound.
1:18 of 1st period - Nolan Patrick wins face-off versus Colton Sissons in NASHVILLE zone.
1:25 of 1st period - Shot by Nolan Patrick.
1:25 of 1st period - Goal by Nolan Patrick - NASHVILLE : 1 - EDMONTON : 0.
1:26 of 1st period - Nolan Patrick wins face-off versus Darren Helm in neutral zone.
1:29 of 1st period - Shot by Bobby Ryan.
1:29 of 1st period - Stopped by Darcy Kuemper without a rebound.
1:30 of 1st period - Colton Sissons wins face-off versus Nolan Patrick in EDMONTON zone.
1:30 of 1st period - Colton Sissons is hit by Alex Chiasson.
1:40 of 1st period - Shot by Michael Raffl.
1:40 of 1st period - Shot Misses the Net.
1:42 of 1st period - Shot by Derek Forbort.
1:42 of 1st period - Shot Misses the Net.
2:39 of 1st period - Shot by Tyler Johnson.
2:39 of 1st period - Stopped by Joonas Korpisalo without a rebound.
2:40 of 1st period - Mathieu Perreault wins face-off versus Devin Shore in NASHVILLE zone.
2:45 of 1st period - Shot by Mathieu Perreault.
2:45 of 1st period - Stopped by Joonas Korpisalo with a rebound.
3:57 of 1st period - Minor Penalty to Jimmy Vesey for Hooking.
3:58 of 1st period - Anze Kopitar wins face-off versus Sean Monahan in NASHVILLE zone.
4:29 of 1st period - Shot by Anze Kopitar.
4:29 of 1st period - Stopped by Joonas Korpisalo with a rebound.
5:20 of 1st period - Icing by Tyler Johnson.
5:21 of 1st period - Paul Byron wins face-off versus Tyler Johnson in EDMONTON zone.
5:25 of 1st period - Icing by Travis Hamonic.
5:26 of 1st period - Tyler Johnson wins face-off versus Sean Monahan in EDMONTON zone.
6:13 of 1st period - Shot by Colton Sissons.
6:13 of 1st period - Stopped by Joonas Korpisalo without a rebound.
6:14 of 1st period - Tage Thompson wins face-off versus Mathieu Perreault in NASHVILLE zone.
6:14 of 1st period - Tage Thompson is hit by Darren Helm.
7:04 of 1st period - Off-side.
7:05 of 1st period - Sean Monahan wins face-off versus Anze Kopitar in neutral zone.
7:13 of 1st period - Icing by David Perron.
7:14 of 1st period - Sean Monahan wins face-off versus Anze Kopitar in EDMONTON zone.
7:33 of 1st period - Shot by Sean Monahan.
7:33 of 1st period - Deflect By Paul Byron.
7:33 of 1st period - Shot Misses the Net.
7:41 of 1st period - Shot by Jared McCann.
7:41 of 1st period - Deflect By Sean Monahan.
7:41 of 1st period - Stopped by Darcy Kuemper with a rebound.
7:43 of 1st period - Shot by Jared McCann.
7:43 of 1st period - Stopped by Darcy Kuemper without a rebound.
7:44 of 1st period - Tyler Johnson wins face-off versus J.T. Compher in EDMONTON zone.
8:06 of 1st period - Icing by Travis Hamonic.
8:07 of 1st period - Nolan Patrick wins face-off versus Tyler Johnson in EDMONTON zone.
8:12 of 1st period - Shot by Alex Chiasson.
8:12 of 1st period - Shot Misses the Net.
8:27 of 1st period - Nolan Patrick is hit by Justin Holl and loses puck.
8:48 of 1st period - Nolan Patrick is hit by Kyle Palmieri and loses puck.
9:53 of 1st period - Icing by Adam Larsson.
9:54 of 1st period - Mathieu Perreault wins face-off versus Sean Monahan in NASHVILLE zone.
11:07 of 1st period - Off-side.
11:08 of 1st period - Nolan Patrick wins face-off versus Anze Kopitar in neutral zone.
11:26 of 1st period - Icing by Jason Demers.
11:27 of 1st period - Anze Kopitar wins face-off versus J.T. Compher in EDMONTON zone.
11:43 of 1st period - Shot by Kyle Palmieri.
11:43 of 1st period - Deflect By Anze Kopitar.
11:43 of 1st period - Stopped by Joonas Korpisalo without a rebound.
11:44 of 1st period - Colton Sissons wins face-off versus Nolan Patrick in NASHVILLE zone.
12:05 of 1st period - Colton Sissons is hit by Nolan Patrick and loses puck.
12:31 of 1st period - Off-side.
12:32 of 1st period - Anze Kopitar wins face-off versus J.T. Compher in neutral zone.
12:51 of 1st period - Shot by Anze Kopitar.
12:51 of 1st period - Shot Misses the Net.
13:00 of 1st period - Icing by Nicolas Hague.
13:01 of 1st period - Bryan Rust wins face-off versus J.T. Compher in NASHVILLE zone.
14:14 of 1st period - Shot by Devin Shore.
14:14 of 1st period - Stopped by Darcy Kuemper without a rebound.
14:15 of 1st period - Anze Kopitar wins face-off versus Devin Shore in EDMONTON zone.
14:31 of 1st period - Shot by Devin Shore.
14:31 of 1st period - Goal by Devin Shore - NASHVILLE : 2 - EDMONTON : 0.
14:32 of 1st period - Colton Sissons wins face-off versus J.T. Compher in neutral zone.
14:32 of 1st period - Colton Sissons is hit by Jimmy Vesey.
14:36 of 1st period - Brian Dumoulin is hit by Barclay Goodrow and loses puck.
15:31 of 1st period - Adam Larsson is hit by Anze Kopitar and loses puck.
15:36 of 1st period - Shot by Kyle Palmieri.
15:36 of 1st period - Shot Misses the Net.
15:51 of 1st period - Shot by Kyle Palmieri.
15:51 of 1st period - Shot Misses the Net.
16:04 of 1st period - Icing by Nolan Patrick.
16:05 of 1st period - Mathieu Perreault wins face-off versus Nolan Patrick in NASHVILLE zone.
16:26 of 1st period - Shot by Mathieu Perreault.
16:26 of 1st period - Stopped by Joonas Korpisalo with a rebound.
17:34 of 1st period - Off-side.
17:35 of 1st period - Anze Kopitar wins face-off versus J.T. Compher in neutral zone.
17:47 of 1st period - Off-side.
17:48 of 1st period - Devin Shore wins face-off versus Colton Sissons in neutral zone.
18:25 of 1st period - Colton Sissons is hit by Nicolas Hague.
18:32 of 1st period - Icing by Nicolas Hague.
18:33 of 1st period - Anze Kopitar wins face-off versus Devin Shore in NASHVILLE zone.
18:34 of 1st period - Shot by Kyle Palmieri.
18:34 of 1st period - Shot Misses the Net.
18:42 of 1st period - Shot by Anze Kopitar.
18:42 of 1st period - Stopped by Joonas Korpisalo with a rebound.
18:44 of 1st period - Shot by Jason Demers.
18:44 of 1st period - Shot Misses the Net.
18:46 of 1st period - Shot by Anze Kopitar.
18:46 of 1st period - Stopped by Joonas Korpisalo without a rebound.
18:47 of 1st period - Jakub Voracek wins face-off versus Sean Monahan in NASHVILLE zone.
18:51 of 1st period - Bryan Rust is hit by Andrew Peeke and loses puck.
18:54 of 1st period - Shot by Justin Holl.
18:54 of 1st period - Shot Blocked by Sean Monahan.
18:56 of 1st period - Shot by Jakub Voracek.
18:56 of 1st period - Shot Misses the Net.
18:59 of 1st period - Minor Penalty to Bryan Rust for Tripping.
19:00 of 1st period - Anze Kopitar wins face-off versus J.T. Compher in EDMONTON zone.
19:06 of 1st period - Icing by Morgan Rielly.
19:07 of 1st period - Anze Kopitar wins face-off versus J.T. Compher in NASHVILLE zone.
19:34 of 1st period - Shot by Adam Larsson.
19:34 of 1st period - Shot Blocked by Jason Demers.
Goals for this period are 2 for NASHVILLE vs 0 for EDMONTON.
Shots for this period are 6 for NASHVILLE vs 9 for EDMONTON.

2nd period


0:01 of 2nd period - Anze Kopitar wins face-off versus Sean Monahan in neutral zone.
1:00 of 2nd period - Shot by Connor Carrick.
1:00 of 2nd period - Shot Misses the Net.
2:05 of 2nd period - Justin Holl is hit by Jimmy Vesey and loses puck.
2:10 of 2nd period - Shot by J.T. Compher.
2:10 of 2nd period - Stopped by Darcy Kuemper without a rebound.
2:11 of 2nd period - Anze Kopitar wins face-off versus Devin Shore in EDMONTON zone.
2:13 of 2nd period - Icing by David Perron.
2:14 of 2nd period - Sean Monahan wins face-off versus Anze Kopitar in EDMONTON zone.
2:15 of 2nd period - Shot by Paul Byron.
2:15 of 2nd period - Stopped by Darcy Kuemper without a rebound.
2:16 of 2nd period - Kyle Palmieri wins face-off versus Paul Byron in EDMONTON zone.
2:35 of 2nd period - Shot by Morgan Rielly.
2:35 of 2nd period - Stopped by Darcy Kuemper with a rebound.
2:55 of 2nd period - Shot by Morgan Rielly.
2:55 of 2nd period - Stopped by Darcy Kuemper with a rebound.
3:13 of 2nd period - Shot by J.T. Compher.
3:13 of 2nd period - Shot Misses the Net.
3:25 of 2nd period - Shot by Bryan Rust.
3:25 of 2nd period - Shot Misses the Net.
3:27 of 2nd period - Shot by Tyler Johnson.
3:27 of 2nd period - Deflect By Jakub Voracek.
3:27 of 2nd period - Shot Misses the Net.
3:29 of 2nd period - Shot by Jakub Voracek.
3:29 of 2nd period - Stopped by Joonas Korpisalo with a rebound.
4:15 of 2nd period - Shot by Mathieu Perreault.
4:15 of 2nd period - Stopped by Joonas Korpisalo without a rebound.
4:16 of 2nd period - Colton Sissons wins face-off versus Devin Shore in NASHVILLE zone.
4:21 of 2nd period - Shot by Colton Sissons.
4:21 of 2nd period - Stopped by Joonas Korpisalo with a rebound.
4:23 of 2nd period - Shot by Matt Roy.
4:23 of 2nd period - Stopped by Joonas Korpisalo without a rebound.
4:24 of 2nd period - Colton Sissons wins face-off versus Sean Monahan in NASHVILLE zone.
4:24 of 2nd period - Colton Sissons is hit by Adam Larsson.
4:28 of 2nd period - Shot by Barclay Goodrow.
4:28 of 2nd period - Deflect By Colton Sissons.
4:28 of 2nd period - Stopped by Joonas Korpisalo without a rebound.
4:29 of 2nd period - Anze Kopitar wins face-off versus Jared McCann in NASHVILLE zone.
4:34 of 2nd period - Shot by Kyle Palmieri.
4:34 of 2nd period - Stopped by Joonas Korpisalo without a rebound.
4:35 of 2nd period - Anze Kopitar wins face-off versus Sean Monahan in NASHVILLE zone.
5:03 of 2nd period - Shot by Paul Byron.
5:03 of 2nd period - Deflect By Sean Monahan.
5:03 of 2nd period - Stopped by Darcy Kuemper without a rebound.
5:04 of 2nd period - Tyler Johnson wins face-off versus J.T. Compher in EDMONTON zone.
5:04 of 2nd period - Jason Demers is hit by Jimmy Vesey and loses puck.
5:11 of 2nd period - Shot by J.T. Compher.
5:11 of 2nd period - Shot Misses the Net.
5:36 of 2nd period - Jakub Voracek is hit by Jason Dickinson and loses puck.
6:15 of 2nd period - Shot by Bobby Ryan.
6:15 of 2nd period - Shot Misses the Net.
6:30 of 2nd period - Minor Penalty to Kyle Palmieri for Tripping.
6:31 of 2nd period - Barclay Goodrow wins face-off versus Sean Monahan in EDMONTON zone.
6:42 of 2nd period - Shot by Nicolas Hague.
6:42 of 2nd period - Shot Misses the Net.
6:44 of 2nd period - Shot by Jared McCann.
6:44 of 2nd period - Shot Misses the Net.
6:46 of 2nd period - Shot by Nicolas Hague.
6:46 of 2nd period - Shot Misses the Net.
6:48 of 2nd period - Shot by Jared McCann.
6:48 of 2nd period - Stopped by Darcy Kuemper without a rebound.
6:49 of 2nd period - Anze Kopitar wins face-off versus Jason Dickinson in EDMONTON zone.
8:22 of 2nd period - Shot by Adam Larsson.
8:22 of 2nd period - Deflect By Jimmy Vesey.
8:22 of 2nd period - Shot Blocked by Anze Kopitar.
8:24 of 2nd period - Shot by J.T. Compher.
8:24 of 2nd period - Shot Blocked by Colin Miller.
8:26 of 2nd period - Shot by Morgan Rielly.
8:26 of 2nd period - Shot Misses the Net.
8:28 of 2nd period - Shot by Morgan Rielly.
8:28 of 2nd period - Stopped by Darcy Kuemper without a rebound.
8:29 of 2nd period - Sean Monahan wins face-off versus Barclay Goodrow in EDMONTON zone.
8:39 of 2nd period - Icing by Matt Roy.
8:40 of 2nd period - Colton Sissons wins face-off versus Nolan Patrick in EDMONTON zone.
9:00 of 2nd period - Shot by Nolan Patrick.
9:00 of 2nd period - Goal by Nolan Patrick - NASHVILLE : 3 - EDMONTON : 0.
9:01 of 2nd period - Sean Monahan wins face-off versus Tyler Johnson in neutral zone.
9:08 of 2nd period - Off-side.
9:09 of 2nd period - Tyler Johnson wins face-off versus Paul Byron in neutral zone.
9:28 of 2nd period - Shot by Bryan Rust.
9:28 of 2nd period - Stopped by Joonas Korpisalo without a rebound.
9:29 of 2nd period - Colton Sissons wins face-off versus J.T. Compher in NASHVILLE zone.
9:43 of 2nd period - J.T. Compher is hit by Justin Holl.
9:45 of 2nd period - Shot by Jimmy Vesey.
9:45 of 2nd period - Stopped by Darcy Kuemper without a rebound.
9:45 of 2nd period - Minor Penalty to Justin Holl for Roughing.
9:46 of 2nd period - Anze Kopitar wins face-off versus Sean Monahan in EDMONTON zone.
9:58 of 2nd period - Off-side.
9:59 of 2nd period - Anze Kopitar wins face-off versus J.T. Compher in neutral zone.
10:12 of 2nd period - Shot by Brian Dumoulin.
10:12 of 2nd period - Goal by Brian Dumoulin - NASHVILLE : 4 - EDMONTON : 0.
10:13 of 2nd period - Colton Sissons wins face-off versus Sean Monahan in neutral zone.
12:28 of 2nd period - Shot by Tyler Johnson.
12:28 of 2nd period - Stopped by Joonas Korpisalo without a rebound.
12:29 of 2nd period - Mathieu Perreault wins face-off versus Devin Shore in NASHVILLE zone.
12:30 of 2nd period - Shot by Josh Archibald.
12:30 of 2nd period - Shot Misses the Net.
12:57 of 2nd period - Icing by Morgan Rielly.
12:58 of 2nd period - Tyler Johnson wins face-off versus Devin Shore in NASHVILLE zone.
13:47 of 2nd period - Shot by Paul Byron.
13:47 of 2nd period - Shot Blocked by Jason Demers.
14:01 of 2nd period - Shot by Paul Byron.
14:01 of 2nd period - Shot Misses the Net.
14:30 of 2nd period - Jason Dickinson is hit by Matt Roy.
16:16 of 2nd period - Shot by Barclay Goodrow.
16:16 of 2nd period - Deflect By Michael Raffl.
16:16 of 2nd period - Shot Blocked by Brian Dumoulin.
16:47 of 2nd period - Connor Carrick is hit by Travis Hamonic and loses puck.
17:14 of 2nd period - Shot by Jared McCann.
17:14 of 2nd period - Shot Misses the Net.
18:36 of 2nd period - Colton Sissons is hit by Josh Leivo.
19:24 of 2nd period - Shot by Jared McCann.
19:24 of 2nd period - Stopped by Darcy Kuemper without a rebound.
19:25 of 2nd period - Tyler Johnson wins face-off versus J.T. Compher in EDMONTON zone.
19:25 of 2nd period - Tyler Johnson is hit by Jason Dickinson.
19:30 of 2nd period - Off-side.
19:31 of 2nd period - Sean Monahan wins face-off versus Tyler Johnson in neutral zone.
Goals for this period are 2 for NASHVILLE vs 0 for EDMONTON.
Shots for this period are 11 for NASHVILLE vs 8 for EDMONTON.

3rd period


0:01 of 3rd period - Anze Kopitar wins face-off versus Sean Monahan in neutral zone.
0:12 of 3rd period - Anze Kopitar is hit by Jared McCann.
0:20 of 3rd period - Shot by Sean Monahan.
0:20 of 3rd period - Stopped by Darcy Kuemper without a rebound.
0:21 of 3rd period - Tyler Johnson wins face-off versus J.T. Compher in EDMONTON zone.
0:34 of 3rd period - Shot by J.T. Compher.
0:34 of 3rd period - Shot Misses the Net.
1:06 of 3rd period - Icing by Matt Roy.
1:07 of 3rd period - Tyler Johnson wins face-off versus Paul Byron in EDMONTON zone.
1:11 of 3rd period - Minor Penalty to Bryan Rust for Slashing.
1:12 of 3rd period - Sean Monahan wins face-off versus Anze Kopitar in EDMONTON zone.
1:57 of 3rd period - Icing by Jared McCann.
1:58 of 3rd period - Kyle Palmieri wins face-off versus Sean Monahan in NASHVILLE zone.
1:58 of 3rd period - Colin Miller is hit by Adam Larsson and loses puck.
2:41 of 3rd period - Shot by Anze Kopitar.
2:41 of 3rd period - Shot Blocked by Brian Dumoulin.
3:43 of 3rd period - Shot by Mathieu Perreault.
3:43 of 3rd period - Stopped by Joonas Korpisalo without a rebound.
3:44 of 3rd period - Devin Shore wins face-off versus Colton Sissons in NASHVILLE zone.
3:52 of 3rd period - Tage Thompson is hit by Barclay Goodrow and loses puck.
4:34 of 3rd period - Icing by Barclay Goodrow.
4:35 of 3rd period - Colton Sissons wins face-off versus Sean Monahan in EDMONTON zone.
4:35 of 3rd period - Colton Sissons is hit by Sean Monahan.
4:38 of 3rd period - Icing by Justin Holl.
4:39 of 3rd period - Sean Monahan wins face-off versus Colton Sissons in EDMONTON zone.
4:54 of 3rd period - Shot by Sean Monahan.
4:54 of 3rd period - Shot Misses the Net.
4:56 of 3rd period - Shot by Brian Dumoulin.
4:56 of 3rd period - Shot Blocked by Justin Holl.
5:46 of 3rd period - Shot by Anze Kopitar.
5:46 of 3rd period - Stopped by Joonas Korpisalo without a rebound.
5:47 of 3rd period - Tyler Johnson wins face-off versus Bobby Ryan in NASHVILLE zone.
6:08 of 3rd period - Shot by Bryan Rust.
6:08 of 3rd period - Stopped by Joonas Korpisalo without a rebound.
6:09 of 3rd period - J.T. Compher wins face-off versus Anze Kopitar in NASHVILLE zone.
7:19 of 3rd period - Shot by Tyler Johnson.
7:19 of 3rd period - Shot Blocked by Adam Larsson.
8:36 of 3rd period - Shot by Paul Byron.
8:36 of 3rd period - Stopped by Darcy Kuemper without a rebound.
8:37 of 3rd period - Colton Sissons wins face-off versus J.T. Compher in EDMONTON zone.
9:53 of 3rd period - Jared McCann is hit by Kyle Palmieri and loses puck.
10:54 of 3rd period - Icing by Morgan Rielly.
10:55 of 3rd period - Devin Shore wins face-off versus Mathieu Perreault in NASHVILLE zone.
11:18 of 3rd period - Icing by Jeremy Lauzon.
11:19 of 3rd period - Bryan Rust wins face-off versus Devin Shore in NASHVILLE zone.
11:24 of 3rd period - Shot by Jakub Voracek.
11:24 of 3rd period - Shot Misses the Net.
12:05 of 3rd period - Icing by Matt Roy.
12:06 of 3rd period - Tyler Johnson wins face-off versus Jared McCann in EDMONTON zone.
12:14 of 3rd period - Jason Demers is hit by Jared McCann and loses puck.
13:03 of 3rd period - Icing by Morgan Rielly.
13:04 of 3rd period - J.T. Compher wins face-off versus Colton Sissons in NASHVILLE zone.
13:04 of 3rd period - J.T. Compher is hit by Barclay Goodrow.
13:34 of 3rd period - Shot by Jimmy Vesey.
13:34 of 3rd period - Deflect By Jason Dickinson.
13:34 of 3rd period - Shot Misses the Net.
13:55 of 3rd period - Colton Sissons is hit by Bobby Ryan and loses puck.
15:17 of 3rd period - Off-side.
15:18 of 3rd period - Paul Byron wins face-off versus Tyler Johnson in neutral zone.
16:14 of 3rd period - Icing by Brian Dumoulin.
16:15 of 3rd period - J.T. Compher wins face-off versus Colton Sissons in NASHVILLE zone.
16:15 of 3rd period - Jason Dickinson is hit by Barclay Goodrow and loses puck.
16:32 of 3rd period - Shot by Michael Raffl.
16:32 of 3rd period - Shot Misses the Net.
17:39 of 3rd period - Shot by Alex Chiasson.
17:39 of 3rd period - Deflect By Nolan Patrick.
17:39 of 3rd period - Shot Misses the Net.
17:41 of 3rd period - Shot by Nolan Patrick.
17:41 of 3rd period - Shot Misses the Net.
18:00 of 3rd period - Morgan Rielly is hit by Justin Holl and loses puck.
18:03 of 3rd period - Shot by Jared McCann.
18:03 of 3rd period - Stopped by Darcy Kuemper without a rebound.
18:04 of 3rd period - Tyler Johnson wins face-off versus Devin Shore in EDMONTON zone.
18:04 of 3rd period - Tyler Johnson is hit by Tage Thompson.
18:12 of 3rd period - Shot by Jeremy Lauzon.
18:12 of 3rd period - Stopped by Darcy Kuemper without a rebound.
18:13 of 3rd period - Sean Monahan wins face-off versus Colton Sissons in EDMONTON zone.
18:25 of 3rd period - Barclay Goodrow is hit by Jared McCann and loses puck.
18:41 of 3rd period - Colton Sissons is hit by Adam Larsson and loses puck.
19:17 of 3rd period - Brian Dumoulin is hit by Tyler Johnson and loses puck.
19:30 of 3rd period - Shot by Bryan Rust.
19:30 of 3rd period - Stopped by Joonas Korpisalo without a rebound.
19:31 of 3rd period - Mathieu Perreault wins face-off versus Nolan Patrick in NASHVILLE zone.
19:31 of 3rd period - Mathieu Perreault is hit by Andrew Peeke.
19:43 of 3rd period - Justin Holl is hit by Alex Chiasson and loses puck.
19:50 of 3rd period - Shot by Bobby Ryan.
19:50 of 3rd period - Shot Blocked by Justin Holl.
Goals for this period are 0 for NASHVILLE vs 0 for EDMONTON.
Shots for this period are 4 for NASHVILLE vs 4 for EDMONTON.